 Dungeon Crawl Stone Soup version 0.18.2-3-g5ac21b8443 (webtiles) character file.

1706052 syranez the Conqueror (level 27, 409/409 HPs)
             Began as a Minotaur Berserker on June 8, 2020.
             Was an Elder of Trog.
             Escaped with the Orb
             ... and 3 runes!
             The game lasted 02:46:25 (71892 turns).

syranez the Conqueror (Minotaur Berserker)         Turns: 71892, Time: 02:46:26

Health: 409/409    AC: 49    Str: 38      XL:     27
Magic:  19/19      EV: 20    Int: 10 (11) God:    Trog [****..]
Gold:   5539       SH: 20    Dex: 11      Spells: 0 memorised, 26 levels left

rFire  + + +     SeeInvis +     y - +11 broad axe of Anxiety {elec, rF+ Int+4}
rCold  + + +     Gourm    .     q - +9 armour of the Dragon King {rPois rF+ rC+ MR+}
rNeg   + . .     Faith    .     u - +1 shield {rC+}
rPois  +         Spirit   .     (helmet restricted)
rElec  +         Dismiss  .     s - +2 cloak of the Prince of Darkness {rElec rF++ rCorr Str+3}
rCorr  +         Reflect  +     v - +1 pair of gloves {Dex+3}
SustAt .         Harm     .     U - +2 pair of boots
MR     +++++                    j - +3 amulet of reflection
Stlth  ..........               W - ring of Shadows {Umbra +Inv rN+ SInv}
                                o - ring of Hiel {rPois rC+}

@: berserking, regenerating, wreathed by umbra, very quick, almost entirely
resistant to hostile enchantments, extremely unstealthy
A: retaliatory headbutt, horns 2, yellow scales 1, clumsy 2, low mp 1,
electricity resistance
a: Berserk, Trog's Hand, Brothers in Arms, Burn Spellbooks, Renounce Religion,
Evoke Invisibility
0: Orb of Zot
}: 3/15 runes: serpentine, barnacled, silver


You escaped.
You worshipped Trog.
Trog was greatly pleased with you.
You were full.

You visited 9 branches of the dungeon, and saw 51 of its levels.
You visited the Abyss 1 time.
You also visited: Ice Cave and Volcano.

You collected 7638 gold pieces.
You spent 2099 gold pieces at shops.

Inventory:

Hand Weapons
 y - the +11 broad axe of Anxiety (weapon) {elec, rF+ Int+4}
   (Trog gifted it to you on level 3 of the Elven Halls)

   Occasionally, upon striking a foe, it will discharge some electrical energy
   and cause terrible harm.
   It affects your intelligence (+4).
   It protects you from fire.
 S - a +9 broad axe of freezing
Missiles
 B - 10 throwing nets (quivered)
Armour
 q - the +9 armour of the Dragon King (worn) {rPois rF+ rC+ MR+}
   (You took it off a deep elf high priest on level 3 of the Elven Halls)

   It protects you from fire.
   It protects you from cold.
   It protects you from poison.
   It affects your resistance to hostile enchantments.
 s - the +2 cloak of the Prince of Darkness (worn) {rElec rF++ rCorr Str+3}
   (You found it on level 1 of the Snake Pit)

   It affects your strength (+3).
   It greatly protects you from fire.
   It insulates you from electricity.
   It protects you from acid and corrosion.
 u - a +1 shield of cold resistance (worn)
 v - a +1 pair of gloves of dexterity (worn)
 R - a +2 hat of magic resistance
 U - a +2 pair of boots (worn)
Rods
 V - a +4 rod of shadows (13/13)
   (You found it on level 4 of the Shoals)
Jewellery
 j - a +3 amulet of reflection (around neck)
 o - the ring of Hiel (left hand) {rPois rC+}
   (You took it off a tengu reaver on level 5 of the Vaults)

   [ring of protection from cold]

   It protects you from cold.
   It protects you from poison.
 A - an uncursed amulet of faith {unknown}
 W - the ring of Shadows (right hand) {Umbra +Inv rN+ SInv}
   (You took it off a deep elf mage on level 5 of the Vaults)

   [ring of positive energy]

   It protects you from negative energy.
   It lets you see invisible.
   It lets you turn invisible.
Wands
 a - a wand of digging (18/24)
 b - a wand of hasting (2/9)
 e - a wand of teleportation (3/9)
 E - a wand of acid (10/15)
 O - a wand of iceblast (10/15)
 P - a wand of lightning (2/15)
Scrolls
 d - 6 scrolls of fear
 f - 17 scrolls of teleportation
 g - a scroll of enchant weapon
 l - 6 scrolls of identify
 r - 27 scrolls of remove curse
 x - 5 scrolls of silence
 F - 3 scrolls of vulnerability
 G - a scroll of magic mapping
 J - 4 scrolls of recharging
 N - 8 scrolls of blinking
 T - 4 scrolls of fog
Potions
 i - 7 potions of brilliance
 k - 8 potions of agility
 m - 8 potions of flight
 p - 5 potions of ambrosia
 C - 5 potions of might
 D - 5 potions of magic
 H - 9 potions of heal wounds
 I - 31 potions of curing
 L - 2 potions of haste
 M - 2 potions of cancellation
 Q - 7 potions of resistance
 X - 6 potions of lignification
 Z - 4 potions of cure mutation
Miscellaneous
 n - an ornate deck of destruction {the Storm}
 t - an ornate deck of summoning {the Crusade}
 z - a stone of tremors
 K - a lamp of fire
 Y - 3 phantom mirrors
Comestibles
 c - 37 bread rations
 h - 33 meat rations


   Skills:
 O Level 27 Fighting
 O Level 27 Axes
 O Level 27 Armour
 O Level 27 Dodging
 + Level 15.4 Shields


You had 26 spell levels left.
You didn't know any spells.

Dungeon Overview and Level Annotations

Branches:
Dungeon (15/15)            Temple (0/1) D:6            Lair (8/8) D:11
 Shoals (4/4) Lair:6        Snake (4/4) Lair:5        Slime (0/6) Lair:8
    Orc (2/2) D:9             Elf (3/3) Orc:2        Vaults (5/5) D:14
  Crypt (0/3) Vaults:3     Depths (5/5) D:15            Zot (5/5) Depths:5

Altars:
Ashenzari
Cheibriados
Dithmenos
Elyvilon
Fedhas
Kikubaaqudgha
Makhleb
Nemelex Xobeh
Okawaru
Qazlal
Ru
Sif Muna
Xom
Yredelemnul

Shops:
D:9 (   D:12 *   Orc:2 %[=!}   Shoals:3 [   Vaults:4 *   Depths:4 }

Portals:
Hell: Depths:1 Depths:2 Depths:3 Depths:4 Depths:5
Abyss: Depths:3 Depths:4
Pandemonium: Depths:3 Depths:4 Depths:5
Ziggurat: Depths:4

Annotations:
D:9 exclusion: 2 oklob saplings
Elf:2 3 runed doors


Innate Abilities, Weirdness & Mutations

You reflexively headbutt those who attack you in melee.
You have a pair of horns on your head.
You are partially covered in yellow scales (AC +2).
You are very clumsy. (Dex -4)
Your magical capacity is low (-10% MP).
You are resistant to electric shocks.


Message History

Your ogre goes berserk!
Your two-headed ogre goes berserk!
You feel somewhat less full.
The giant cockroach barely misses your two-headed ogre.
You fail to use your ability.
Your ogre barely misses the giant cockroach.
Your ogre hits the giant cockroach with a giant spiked club!!
The giant cockroach dies!
Trog accepts your kill.
You fail to use your ability.
Your two-headed ogre rages.
You hear a roar!
Read which item? (? for menu, Esc to quit)
Okay, then.
You fail to use your ability.
A red film seems to cover your vision as you go berserk!
You feel yourself moving faster!
You feel mighty!
You feel somewhat less full.
You feel a strong urge to attack something.
You hear a roar!
You have escaped!

#.##..........#......##.#...#
#.#.#.[......#......#.#......
#.#..#......#......#..#....#.
#.#...#....#.#.#..#...#......
#.#....#..#...#..#....#.....#
#.#.....##...#.##.....#......
#.#.....#...#...#.....#...#..
#.#..#.#.#.#OO...#........#..
#.....#...#.@O..#.....#...##.
###..#.#.#.#...#...)..#......
#.#...#...#.#.#.....#.).##.
#....#.#...#...#....#......
#...#...#...#...#....##.##.
#..#.....#...#...#..#......
#.#.......#.......#.#..#.#.
##.................##.#....
#########.##########.#....


You could see a friendly two-headed ogre (berserk) and 2 friendly ogres.

Vanquished Creatures
  2 ancient liches (Zot:5)
  5 orbs of fire (Zot:5)
  A juggernaut (Depths:4)
  Saint Roka (Depths:5)
  Frederick (Vaults:3)
  2 Killer Klowns (Zot:5)
  Norris (Vaults:1)
  2 curse toes
  Nikola (Shoals:2)
  9 golden dragons
  the Enchantress (Depths:1)
  5 electric golems
  9 liches
  17 tentacled monstrosities
  A Hell Sentinel (Depths:5)
  2 Ice Fiends
  A quicksilver dragon (Depths:3)
  A deep elf blademaster (Elf:3)
  32 Orb Guardians
  A deep elf master archer (Elf:3)
  7 titans
  2 tentacled starspawn (Abyss:3)
  Gastronok (D:8)
  7 death cobs
  A kraken (Shoals:3)
  4 sphinxes
  A thorn hunter (Depths:2)
  6 tengu reavers
  An azure jelly (Depths:2)
  7 shadow dragons
  7 draconian monks
  11 fire giants
  17 storm dragons
  11 greater nagas
  7 draconian knights
  12 vault wardens
  6 ghost moths
  5 iron dragons
  4 balrugs
  Louise (Snake:4)
  An orc warlord (Depths:2)
  5 draconian zealots
  4 draconian scorchers
  4 draconian shifters
  12 frost giants
  Aizul (Snake:4)
  6 deep elf sorcerers
  2 deep elf elementalists
  2 black suns (Depths:5)
  18 ironheart preservers
  9 draconian annihilators
  19 very ugly things
  7 spriggan defenders
  2 draconian callers (Zot:4)
  2 vampire knights (Depths:3)
  33 stone giants
  7 deep elf demonologists
  2 salamander stormcallers
  3 black draconians
  12 deep elf annihilators
  11 green draconians
  10 white draconians
  A dire elephant (Depths:2)
  9 mottled draconians
  9 purple draconians
  13 spark wasps
  14 yellow draconians
  10 red draconians
  6 deep elf death magi
  16 ettins
  6 merfolk javelineers
  14 fire dragons
  26 vault guards
  7 merfolk impalers
  6 deep elf high priests
  15 yaktaur captains
  7 great orbs of eyes
  6 rakshasas
  5 entropy weavers
  5 spriggan air magi
  14 naga warriors
  14 centaur warriors
  A catoblepas (D:14)
  17 ice dragons
  8 hydras
  6 alligator snapping turtles
  2 ghost crabs (shapeshifter)
  7 merfolk aquamancers
  15 anacondas
  16 ogre magi
  An alligator (Depths:2)
  7 deep troll shamans
  6 merfolk avatars
  5 tengu warriors
  A vampire mage (D:15)
  A titan zombie (Vaults:5)
  7 dancing weapons
  21 death yaks
  9 hell knights
  7 deep troll earth magi
  20 naga sharpshooters
  5 spriggan berserkers
  11 shock serpents
  An orc high priest (Orc:2)
  A soul eater (Depths:5)
  3 iron trolls
  4 sun demons
  2 skeletal warriors
  13 deep elf knights
  6 salamander mystics
  5 shadow wraiths
  A small abomination (Elf:3)
  7 wizards
  A storm dragon skeleton (Depths:2)
  17 sea snakes
  3 fire crabs
  2 unseen horrors
  10 deep elf archers
  23 deep trolls
  3 flayed ghosts
  5 giant orange brains
  A torturous demonspawn (Depths:5)
  14 orc knights
  8 naga ritualists
  12 hill giants
  A phantasmal warrior (Vaults:5)
  27 harpies
  13 ironbrand convokers
  3 lindwurms
  3 wolf spiders
  8 necromancers
  An orb spider (Depths:1)
  A stone giant zombie (Vaults:4)
  A fire giant zombie (Depths:2)
  37 ugly things
  52 deep elf magi
  11 mana vipers
  A shining eye (shapeshifter) (Vaults:5)
  16 griffons
  A hornet (Vaults:5)
  A salamander (shapeshifter) (D:15)
  3 orc sorcerers
  28 salamanders
  2 sixfirhies
  9 fauns
  An oklob plant (Lair:8)
  7 manticores
  19 moths of wrath
  9 sirens
  9 cyclopes
  An eye of devastation (shapeshifter) (Elf:3)
  Maurice (D:9)
  22 naga magi
  7 torpor snails (Lair:8)
  An ice statue (IceCv)
  An elephant (shapeshifter) (Vaults:5)
  10 water nymphs
  64 black mambas
  2 guardian serpents
  15 vault sentinels
  An apocalypse crab (Abyss:3)
  6 elephants (Lair:7)
  4 centaur skeletons
  A smoke demon (Abyss:3)
  12 spiny frogs
  5 komodo dragons
  A yaktaur (shapeshifter) (Depths:1)
  A rime drake (shapeshifter) (Depths:5)
  A spiny frog (shapeshifter) (Vaults:1)
  A kobold demonologist (Vaults:3)
  2 yaktaur zombies
  12 freezing wraiths
  2 efreet
  4 rime drakes
  44 yaktaurs
  2 tormentors
  4 anaconda simulacra (IceCv)
  3 golden dragon simulacra (IceCv)
  8 ice devils
  A guardian mummy (D:15)
  3 hellwings (Depths:4)
  An elf skeleton (Depths:2)
  10 trolls
  2 tengu conjurers
  5 red devils
  An entropy weaver zombie (D:15)
  4 polar bears (Lair:3)
  39 merfolk
  4 jumping spiders
  32 two-headed ogres
  8 boulder beetles
  2 trolls (shapeshifter)
  6 wind drakes
  A raiju (shapeshifter) (D:14)
  A tengu simulacrum (Vaults:1)
  4 giant leeches (Lair:8)
  30 slime creatures
  4 blink frogs
  An ettin zombie (Vaults:5)
  6 snapping turtles
  A frost giant simulacrum (Vaults:4)
  A raiju (Abyss:3)
  A deep troll zombie (D:15)
  3 centaur simulacra
  A shapeshifter (Vaults:2)
  16 redbacks
  5 dire elephant simulacra (IceCv)
  7 spriggans
  15 water elementals
  6 air elementals
  2 wyverns
  31 yaks
  A yak (shapeshifter) (Depths:5)
  3 tarantellas (shapeshifter)
  A ynoxinul (D:13)
  2 wraiths (Vaults:1)
  2 fire elementals
  A neqoxec (Zot:3)
  2 basilisks (D:15)
  Grum (D:8)
  11 hippogriffs
  20 vampire mosquitoes
  2 hungry ghosts (D:13)
  2 mottled dragons
  Menkaure (D:4)
  4 harpy simulacra
  9 wargs
  54 nagas
  A soldier ant (shapeshifter) (Vaults:2)
  2 soldier ants (D:8)
  2 iron troll simulacra (IceCv)
  A warg (shapeshifter) (Vaults:5)
  6 hell hounds (Depths:4)
  19 water moccasins
  A giant eyeball (shapeshifter) (Vaults:5)
  8 porcupines
  A giant eyeball (Depths:3)
  A swamp drake (shapeshifter) (Depths:3)
  A hydra simulacrum (IceCv)
  An ice beast (D:8)
  56 orc warriors
  3 human skeletons
  2 necrophages
  10 wasps
  An ettin simulacrum (IceCv)
  An ogre (shapeshifter) (Depths:2)
  53 ogres
  3 sky beasts
  An eye of draining (D:12)
  6 black bears
  4 boggarts
  18 wolves
  A wolf (shapeshifter) (Vaults:4)
  28 centaurs
  24 crocodiles
  A crocodile (shapeshifter) (Vaults:4)
  6 big kobolds
  A giant frog (shapeshifter) (Depths:3)
  2 gnoll sergeants (D:10)
  27 giant frogs
  An earth elemental (Orc:2)
  A wyvern zombie (D:10)
  A glowing shapeshifter simulacrum (Depths:2)
  A wyvern skeleton (D:13)
  3 scorpions
  A water moccasin skeleton (D:7)
  18 killer bees
  4 howler monkeys
  5 wights (D:13)
  3 electric eels
  11 crimson imps
  7 draconian simulacra (IceCv)
  2 giant frog zombies
  2 centaur zombies
  4 starcursed masses (Abyss:3)
  A human simulacrum (Vaults:3)
  A quasit (D:6)
  12 jellies
  19 orc priests
  2 gnoll shamans (D:10)
  13 hounds
  22 orc wizards
  9 iguanas
  An iguana (shapeshifter) (Vaults:5)
  11 worker ants
  2 giant frog skeletons
  4 troll simulacra (IceCv)
  A polar bear simulacrum (IceCv)
  9 sheep
  2 spriggan simulacra (IceCv)
  A hound zombie (D:8)
  2 hound skeletons
  A worker ant zombie (D:7)
  Robin (D:4)
  24 adders
  18 gnolls
  A howler monkey skeleton (D:6)
  31 river rats
  A naga simulacrum (IceCv)
  An ogre simulacrum (IceCv)
  6 shadow imps
  17 white imps
  5 ufetubi (IceCv)
  15 oozes
  2 adder zombies
  18 worms (Lair:8)
  6 dart slugs
  7 giant geckos
  80 orcs
  8 giant cockroaches
  2 gnoll zombies (D:5)
  19 hobgoblins
  7 jackals
  56 kobolds
  8 quokkas
  8 ball pythons
  9 bats
  5 giant newts
  7 goblins
  An orc simulacrum (Abyss:3)
  A quokka skeleton (D:4)
  8 rats
  2 crawling corpses (Elf:3)
  6 fungi
  8 plants
  3 tentacles (Shoals:3)
2635 creatures vanquished.

Vanquished Creatures (collateral kills)
  The ghost of peterlawrence the Impregnable, a veteran MiFi of Okawaru (Depths:3)
  Vashnia (Snake:4)
  Xtahua (Depths:4)
  A tentacled monstrosity (Vaults:5)
  Ilsuiw (Shoals:4)
  2 deep elf sorcerers (Elf:3)
  A war gargoyle (Vaults:5)
  A very ugly thing (Depths:4)
  A deep elf demonologist (Elf:3)
  A deep elf annihilator (Elf:3)
  An ettin (Depths:4)
  5 vault guards (Vaults:5)
  A merfolk impaler (Shoals:4)
  An entropy weaver (Depths:3)
  A rakshasa (Depths:4)
  3 naga sharpshooters (Snake:4)
  A dancing weapon (Vaults:5)
  A small abomination (Elf:3)
  A sea snake (Shoals:2)
  4 hell knights (Depths:4)
  2 oklob plants (Lair:8)
  A manticore (Shoals:2)
  A siren (Shoals:4)
  A vault sentinel (Vaults:5)
  3 merfolk (Shoals:4)
  A snapping turtle (Shoals:4)
  3 redbacks (Depths:3)
  A water elemental (Shoals:2)
  Crazy Yiuf (D:4)
  A giant cockroach (D:1)
  2 crawling corpses (Elf:3)
47 creatures vanquished.

Vanquished Creatures (others)
  A draconian knight (Zot:4)
  A fire giant (Depths:4)
  A black draconian (Zot:5)
  A yaktaur captain (Vaults:5)
  4 centaur warriors
  2 naga sharpshooters
  8 deep elf archers
  3 deep elf magi
  2 fauns (Shoals:2)
  3 cyclopes
  A moth of wrath (Zot:2)
  A guardian serpent (Snake:2)
  2 yaktaurs
  A merfolk (Shoals:2)
  A slime creature (Vaults:1)
  A spriggan (Depths:1)
  3 water elementals (Depths:4)
  4 orc warriors (Orc:2)
  A boggart (Depths:3)
  9 centaurs
  3 orcs
  A quokka (D:9)
  12 fungi
  9 plants
  6 starspawn tentacles (Abyss:3)
  A starspawn tentacle segment (Abyss:3)
  A tentacle (Shoals:3)
  38 tentacle segments (Shoals:3)
  A withered plant (D:15)
122 creatures vanquished.

Grand Total: 2804 creatures vanquished

Notes
Turn   | Place    | Note
--------------------------------------------------------------
     0 | D:1      | syranez the Minotaur Berserker began the quest for the Orb.
     0 | D:1      | Reached XP level 1. HP: 19/19 MP: 0/0
   335 | D:1      | Reached XP level 2. HP: 27/27 MP: 1/1
   563 | D:1      | Reached ** piety under Trog
   638 | D:1      | Reached XP level 3. HP: 33/33 MP: 2/2
  1602 | D:2      | Reached XP level 4. HP: 34/40 MP: 3/3
  1719 | D:2      | Reached skill level 5 in Axes
  1976 | D:2      | Found a burning altar of Makhleb.
  2374 | D:3      | Reached XP level 5. HP: 27/47 MP: 4/4
  2472 | D:3      | Reached *** piety under Trog
  3381 | D:4      | Noticed an ogre
  3389 | D:4      | Killed an ogre
  3389 | D:4      | Reached XP level 6. HP: 55/55 MP: 5/5
  3545 | D:4      | Reached skill level 5 in Fighting
  3576 | D:4      | Noticed Robin
  3583 | D:4      | Killed Robin
  3588 | D:4      | Reached **** piety under Trog
  3658 | D:4      | Noticed Menkaure
  3664 | D:4      | Killed Menkaure
  3664 | D:4      | Reached XP level 7. HP: 57/61 MP: 6/6
  3665 | D:4      | Found a snail-covered altar of Cheibriados.
  4078 | D:4      | Reached ***** piety under Trog
  4263 | D:4      | Reached skill level 5 in Armour
  4507 | D:4      | Reached skill level 5 in Dodging
  4507 | D:4      | Reached XP level 8. HP: 58/70 MP: 7/7
  4644 | D:4      | Received a gift from Trog
  4700 | D:4      | Noticed Crazy Yiuf
  4709 | D:4      | Killed Crazy Yiuf
  4881 | D:5      | Entered Level 5 of the Dungeon
  4921 | D:5      | Gained mutation: You are partially covered in large bone plates (AC +2, SH +2). [mutagenic meat]
  4922 | D:5      | Gained mutation: Your spells are a little easier to cast, but a little less powerful. [mutagenic meat]
  4923 | D:5      | Gained mutation: Your natural rate of healing is unusually fast. [mutagenic meat]
  4924 | D:5      | Gained mutation: You have an increased reservoir of magic (+10% MP). [mutagenic meat]
  4925 | D:5      | Gained mutation: You are agile. (Dex +2) [mutagenic meat]
  4973 | D:5      | Found a sacrificial altar of Ru.
  5330 | D:5      | Found a basalt altar of Yredelemnul.
  5502 | D:6      | Found a staircase to the Ecumenical Temple.
  5862 | D:6      | Found a shattered altar of Ashenzari.
  5887 | D:6      | Found a sparkling altar of Nemelex Xobeh.
  5966 | D:7      | Reached skill level 1 in Shields
  6063 | D:7      | Found a stormy altar of Qazlal.
  6847 | D:8      | You fall through a shaft for 3 floors!
  6864 | D:11     | Reached XP level 9. HP: 78/79 MP: 8/8
  7013 | D:11     | Reached skill level 10 in Axes
  7093 | D:11     | Noticed a hill giant
  7099 | D:11     | Killed a hill giant
  7173 | D:11     | Received a gift from Trog
  7224 | D:11     | Reached XP level 10. HP: 88/88 MP: 10/10
  7322 | D:11     | Found a staircase to the Lair.
  7410 | D:10     | Entered Level 10 of the Dungeon
  7471 | D:9      | Found a blossoming altar of Fedhas.
  7514 | D:9      | Reached skill level 5 in Shields
  7571 | D:9      | Found a deep blue altar of Sif Muna.
  7621 | D:8      | Noticed Grum
  7629 | D:8      | Killed Grum
  7664 | D:8      | Found an ancient bone altar of Kikubaaqudgha.
  7972 | D:8      | Noticed Gastronok
  7996 | D:8      | Killed Gastronok
  7996 | D:8      | Reached XP level 11. HP: 56/97 MP: 11/11
  8105 | D:8      | Found a sacrificial altar of Ru.
  8183 | D:8      | Found a shadowy altar of Dithmenos.
  8185 | D:8      | Found a snail-covered altar of Cheibriados.
  8555 | D:9      | Received a gift from Trog
  8611 | D:9      | Found Piluqyxt's Antique Weapon Shoppe.
  8675 | D:9      | Found a staircase to the Orcish Mines.
  8930 | D:9      | Noticed Maurice
  8939 | D:9      | Killed Maurice
  9124 | D:9      | Noticed a four-headed hydra
  9134 | D:9      | Killed a one-headed hydra
  9162 | D:9      | Found a white marble altar of Elyvilon.
 10001 | D:10     | Received a gift from Trog
 10529 | D:11     | Noticed a hill giant
 10532 | D:11     | Killed a hill giant
 10776 | D:11     | Got a clouded golden ring
 10777 | D:11     | Identified the ring "Hoask" {rC+ MP+9 Str+2} (You took it off an orc wizard on level 11 of the Dungeon)
 11139 | D:12     | Reached skill level 10 in Fighting
 11147 | D:12     | Found Biemno Iriji's General Store.
 11150 | D:12     | Bought a scroll of identify for 26 gold pieces
 11150 | D:12     | Bought the ring of Eternal Harmony {rPois rC+ MR- Str+2} for 470 gold pieces
 11150 | D:12     | Bought 3 scrolls of enchant weapon for 292 gold pieces
 11454 | D:12     | Identified a scroll of acquirement
 11534 | D:12     | Reached skill level 10 in Armour
 11868 | D:12     | Noticed a hill giant
 11874 | D:12     | Killed a hill giant
 11874 | D:12     | Reached XP level 12. HP: 106/106 MP: 12/12
 11919 | D:12     | Gained mutation: You are robust (+10% HP). [mutagenic meat]
 11920 | D:12     | Gained mutation: Your system is resistant to poisons. [mutagenic meat]
 11922 | D:12     | Lost mutation: Your natural rate of healing is unusually fast. [mutagenic meat]
 12221 | Lair:1   | Entered Level 1 of the Lair of Beasts
 12229 | Lair:1   | Received a gift from Trog
 12938 | Lair:2   | Found a dark tunnel.
 12991 | Volcano  | Entered a volcano
 13019 | Volcano  | Noticed a centaur warrior
 13029 | Volcano  | Killed a centaur warrior
 13029 | Volcano  | Reached skill level 10 in Dodging
 13142 | Volcano  | Reached skill level 15 in Axes
 14955 | Lair:4   | Reached ****** piety under Trog
 15470 | Lair:5   | Reached XP level 13. HP: 127/127 MP: 13/13
 15515 | Lair:5   | Found a staircase to the Snake Pit.
 16095 | Lair:5   | Received a gift from Trog
 16620 | Lair:6   | Found a staircase to the Shoals.
 17348 | Lair:7   | Reached skill level 10 in Shields
 17773 | Lair:7   | Reached XP level 14. HP: 138/138 MP: 14/14
 18175 | Lair:8   | Entered Level 8 of the Lair of Beasts
 18258 | Lair:8   | Received a gift from Trog
 18915 | Lair:8   | Found a runed door.
 19479 | Lair:8   | Found a staircase to the Slime Pits.
 20390 | D:13     | Received a gift from Trog
 21317 | D:14     | Found an iron altar of Okawaru.
 21422 | D:14     | Reached XP level 15. HP: 149/149 MP: 15/15
 21519 | D:14     | Found a gate to the Vaults.
 22064 | D:14     | Received a gift from Trog
 22146 | D:15     | Entered Level 15 of the Dungeon
 22262 | D:15     | Found a staircase to the Depths.
 22942 | D:15     | Found a shimmering altar of Xom.
 23077 | D:15     | Gained mutation: Scrolls take you a little longer to read. [mutagenic meat]
 23080 | D:15     | Gained mutation: Your flesh is heat resistant. [potion of mutation]
 23081 | D:15     | Lost mutation: Your system is resistant to poisons. [potion of cure mutation]
 23081 | D:15     | Lost mutation: You are agile. (Dex +2) [potion of cure mutation]
 23081 | D:15     | Lost mutation: Scrolls take you a little longer to read. [potion of cure mutation]
 23376 | Orc:1    | Entered Level 1 of the Orcish Mines
 23408 | Orc:2    | Entered Level 2 of the Orcish Mines
 23702 | Orc:2    | Found a staircase to the Elven Halls.
 23873 | Orc:2    | Found Yram's Gadget Shoppe.
 23907 | Orc:2    | Received a gift from Trog
 24189 | Orc:2    | Found Jejudono's Jewellery Shoppe.
 24189 | Orc:2    | Found Suwkaopo's Antique Armour Shop.
 24357 | Orc:2    | Found Rikkimny's Distillery.
 24359 | Orc:2    | Found Okashuul's Food Boutique.
 24404 | Orc:2    | Bought a potion of curing for 48 gold pieces
 24404 | Orc:2    | Bought a potion of heal wounds for 80 gold pieces
 24411 | Orc:2    | Bought a pair of embroidered gloves for 121 gold pieces
 24411 | Orc:2    | Bought a brightly glowing chain mail for 256 gold pieces
 24433 | Orc:2    | Identified the +1 chain mail of the Pure Mice {-Tele rC+ Dex+4} (You bought it in a shop on level 2 of the Orcish Mines)
 24445 | Orc:2    | Bought the cursed ring "Ehun Gao" {rF+++ Str-5 Int+3 Dex-5 SInv} for 654 gold pieces
 25154 | Snake:1  | Entered Level 1 of the Snake Pit
 25535 | Snake:1  | Received a gift from Trog
 25667 | Snake:1  | Noticed a greater naga
 25674 | Snake:1  | Killed a greater naga
 25936 | Snake:1  | Reached XP level 16. HP: 144/160 MP: 16/16
 26072 | Snake:1  | Got a transparent cloak
 26083 | Snake:1  | Identified the +2 cloak of the Prince of Darkness {rElec rF++ rCorr Str+3} (You found it on level 1 of the Snake Pit)
 27485 | Snake:2  | Received a gift from Trog
 27805 | Snake:2  | Reached skill level 15 in Armour
 27875 | Snake:2  | Reached skill level 15 in Fighting
 28674 | Snake:2  | Reached XP level 17. HP: 141/171 MP: 17/17
 29383 | Snake:3  | Received a gift from Trog
 29953 | Snake:4  | Entered Level 4 of the Snake Pit
 29980 | Snake:4  | Reached skill level 15 in Shields
 30122 | Snake:4  | Noticed Aizul
 30133 | Snake:4  | Killed Aizul
 30299 | Snake:4  | Reached skill level 15 in Dodging
 30779 | Snake:4  | Noticed Louise
 30792 | Snake:4  | Killed Louise
 30883 | Snake:4  | Received a gift from Trog
 31848 | Snake:4  | Noticed Vashnia
 31866 | Snake:4  | Killed Vashnia
 31866 | Snake:4  | Reached XP level 18. HP: 149/184 MP: 18/18
 32014 | Snake:4  | Received a gift from Trog
 32337 | Snake:4  | Got a serpentine rune of Zot
 32678 | Shoals:1 | Entered Level 1 of the Shoals
 33882 | Shoals:2 | Noticed Nikola
 33896 | Shoals:2 | Killed Nikola
 34166 | Shoals:2 | Received a gift from Trog
 35001 | Shoals:3 | Found Ditefis's Antique Armour Shop.
 35113 | Shoals:3 | Found a frozen archway.
 35149 | IceCv    | Entered an ice cave
 35693 | IceCv    | Received a gift from Trog
 35787 | IceCv    | Noticed an Ice Fiend
 35794 | IceCv    | Killed an Ice Fiend
 36550 | Shoals:3 | Reached XP level 19. HP: 189/196 MP: 19/19
 36970 | Shoals:4 | Entered Level 4 of the Shoals
 36970 | Shoals:4 | Noticed Ilsuiw
 36996 | Shoals:4 | Killed Ilsuiw
 37361 | Shoals:4 | Received a gift from Trog
 37372 | Shoals:4 | Got a sapphire hand axe
 37373 | Shoals:4 | Identified the +5 hand axe of Kutuigoss {chop, rC+++} (You found it on level 4 of the Shoals)
 37666 | Shoals:4 | Got a barnacled rune of Zot
 37977 | Shoals:4 | Identified a +4 rod of shadows (13/13) (You found it on level 4 of the Shoals)
 38491 | Shoals:3 | Received a gift from Trog
 38844 | Vaults:1 | Entered Level 1 of the Vaults
 39276 | Vaults:1 | Noticed a lich
 39279 | Vaults:1 | Killed a lich
 39592 | Vaults:1 | Received a gift from Trog
 39914 | Vaults:1 | Noticed Norris
 39915 | Vaults:1 | Paralysed by Norris for 2 turns
 39940 | Vaults:1 | Killed Norris
 40233 | Vaults:1 | Reached XP level 20. HP: 212/212 MP: 21/21
 40398 | Vaults:1 | Gained mutation: Scrolls take you a little longer to read. [mutagenic meat]
 40401 | Vaults:1 | Lost mutation: You have an increased reservoir of magic (+10% MP). [mutagenic meat]
 40405 | Vaults:1 | Gained mutation: You are resistant to electric shocks. [mutagenic meat]
 40407 | Vaults:1 | Lost mutation: Scrolls take you a little longer to read. [mutagenic meat]
 40432 | Vaults:1 | Received a gift from Trog
 41582 | Vaults:2 | Received a gift from Trog
 42779 | Vaults:3 | Noticed Frederick
 42789 | Vaults:3 | Killed Frederick
 43314 | Vaults:3 | Received a gift from Trog
 43580 | Vaults:3 | Reached XP level 21. HP: 224/224 MP: 20/20
 43630 | Vaults:3 | Found a staircase to the Crypt.
 43630 | Vaults:3 | Found an ancient bone altar of Kikubaaqudgha.
 43631 | Vaults:3 | Found a basalt altar of Yredelemnul.
 43862 | Vaults:4 | Found Nefits's General Store.
 44656 | Vaults:4 | Received a gift from Trog
 45461 | Elf:1    | Entered Level 1 of the Elven Halls
 45587 | Elf:1    | Received a gift from Trog
 46431 | Elf:2    | Cast into level 3 of the Abyss (a deep elf sorcerer)
 46608 | Elf:2    | Escaped the Abyss
 46874 | Elf:2    | Found a runed gate.
 46874 | Elf:2    | Found a runed gate.
 46875 | Elf:2    | Found a runed gate.
 47275 | Elf:3    | Entered Level 3 of the Elven Halls
 47504 | Elf:3    | Received a gift from Trog
 47507 | Elf:3    | Got an ichor-stained broad axe {god gift}
 47508 | Elf:3    | Identified the +11 broad axe of Anxiety {elec, rF+ Int+4} (Trog gifted it to you on level 3 of the Elven Halls)
 47889 | Elf:3    | Reached XP level 22. HP: 180/238 MP: 21/21
 48579 | Elf:3    | Received a gift from Trog
 49167 | Depths:1 | Entered Level 1 of the Depths
 49500 | Depths:1 | Noticed the Enchantress
 49527 | Depths:1 | Killed the Enchantress
 49543 | Depths:1 | Received a gift from Trog
 49840 | Depths:1 | Found a gateway to Hell.
 51425 | Depths:2 | Received a gift from Trog
 51944 | Depths:2 | Reached XP level 23. HP: 234/255 MP: 22/22
 52440 | Depths:3 | Found a one-way gate leading to the halls of Pandemonium.
 52557 | Depths:3 | Noticed peterlawrence's ghost (veteran MiFi)
 52599 | Depths:3 | Killed peterlawrence's ghost
 52603 | Depths:3 | Found a one-way gate to the infinite horrors of the Abyss.
 53048 | Depths:3 | Received a gift from Trog
 53810 | Depths:3 | Paralysed by a giant eyeball for 2 turns
 54597 | Depths:4 | Received a gift from Trog
 54598 | Depths:4 | Noticed a juggernaut
 54914 | Depths:4 | Killed a juggernaut
 54989 | Depths:4 | Noticed Xtahua
 55000 | Depths:4 | Killed Xtahua
 55006 | Depths:4 | Received a gift from Trog
 55038 | Depths:4 | Reached XP level 24. HP: 225/269 MP: 22/22
 55193 | Depths:4 | Found Taerieb's Gadget Emporium.
 55472 | Depths:4 | Found a gateway to a ziggurat.
 55659 | Depths:4 | Received a gift from Trog
 56005 | Depths:4 | Got a brightly glowing mottled dragon armour
 56027 | Depths:4 | Identified the +0 mottled dragon armour of Ladders and Snakes {rPois MR+} (You found it on level 4 of the Depths)
 56064 | Depths:5 | Entered Level 5 of the Depths
 56460 | Depths:5 | Received a gift from Trog
 56513 | Depths:5 | Noticed Saint Roka
 56545 | Depths:5 | Killed Saint Roka
 57103 | Depths:5 | Received a gift from Trog
 57123 | Depths:5 | Reached skill level 27 in Fighting
 57261 | Depths:5 | Found a gate to the Realm of Zot.
 57668 | Vaults:5 | Entered Level 5 of the Vaults
 57711 | Vaults:5 | Received a gift from Trog
 57744 | Vaults:5 | Reached XP level 25. HP: 197/282 MP: 22/22
 58398 | Vaults:5 | Gained mutation: You tend to lose your temper in combat. [a shining eye]
 58399 | Vaults:5 | Gained mutation: Scrolls take you a little longer to read. [a shining eye]
 58413 | Vaults:5 | Received a gift from Trog
 58470 | Vaults:5 | Gained mutation: You are partially covered in yellow scales (AC +2). [mutagenic meat]
 58471 | Vaults:5 | Gained mutation: You are weak. (Str -2) [mutagenic meat]
 58478 | Vaults:5 | Gained mutation: You have sharp toenails. [mutagenic meat]
 58626 | Vaults:5 | Got a pair of faintly glowing gloves
 58629 | Vaults:5 | Identified the +0 pair of gloves of Oboebinu {Int+4} (You found it on level 5 of the Vaults)
 58644 | Vaults:5 | Got a pair of heavily runed boots
 58647 | Vaults:5 | Identified the cursed +0 pair of boots of Qeifacze {-Tele *Confuse rN++ SInv} (You found it on level 5 of the Vaults)
 59097 | Vaults:5 | Got a scintillating lapis lazuli ring
 59123 | Vaults:5 | Received a gift from Trog
 59463 | Vaults:5 | Identified the ring of Hiel {rPois rC+} (You took it off a tengu reaver on level 5 of the Vaults)
 59776 | Vaults:5 | Got a shimmering crystal amulet
 59795 | Vaults:5 | Got a silver rune of Zot
 59828 | Vaults:5 | Identified the amulet of Ujoemi {+Rage Str+4 Int-3 Dex+4} (You took it off an ironheart preserver on level 5 of the Vaults)
 60036 | Vaults:1 | Gained mutation: Your body sometimes deteriorates upon taking damage. [potion of mutation]
 60036 | Vaults:1 | Lost mutation: Your body sometimes deteriorates upon taking damage. [potion of mutation]
 60379 | Orc:2    | Bought a potion of mutation for 40 gold pieces
 60379 | Orc:2    | Bought a potion of flight for 48 gold pieces
 60379 | Orc:2    | Bought a potion of agility for 64 gold pieces
 60379 | Orc:2    | Lost mutation: Your spells are a little easier to cast, but a little less powerful. [potion of mutation]
 60379 | Orc:2    | Gained mutation: You have a pair of large horns on your head. [potion of mutation]
 60379 | Orc:2    | Gained mutation: You expend magic power (3 MP) to strengthen your wands. [potion of mutation]
 60658 | Snake:1  | Lost mutation: You have a pair of large horns on your head. [potion of mutation]
 60658 | Snake:1  | Lost mutation: You have sharp toenails. [potion of mutation]
 60817 | Shoals:4 | Lost mutation: Scrolls take you a little longer to read. [potion of mutation]
 60817 | Shoals:4 | Gained mutation: You are somewhat resistant to further mutation. [potion of mutation]
 60818 | Shoals:4 | Lost mutation: You are weak. (Str -2) [potion of cure mutation]
 60818 | Shoals:4 | Lost mutation: You expend magic power (3 MP) to strengthen your wands. [potion of cure mutation]
 60818 | Shoals:4 | Lost mutation: You are somewhat resistant to further mutation. [potion of cure mutation]
 60819 | Shoals:4 | Lost mutation: Your flesh is heat resistant. [potion of cure mutation]
 60819 | Shoals:4 | Lost mutation: You tend to lose your temper in combat. [potion of cure mutation]
 60819 | Shoals:4 | Lost mutation: You are partially covered in large bone plates (AC +2, SH +2). [potion of cure mutation]
 60819 | Shoals:4 | Lost mutation: You are robust (+10% HP). [potion of cure mutation]
 61309 | Zot:1    | Entered Level 1 of the Realm of Zot
 61964 | Zot:1    | Received a gift from Trog
 62450 | Zot:2    | Reached XP level 26. HP: 241/264 MP: 22/22
 63370 | Zot:3    | Reached skill level 27 in Armour
 63495 | Zot:3    | Received a gift from Trog
 64430 | Zot:4    | Reached skill level 27 in Dodging
 65492 | Zot:4    | Received a gift from Trog
 66333 | Zot:5    | Entered Level 5 of the Realm of Zot
 66709 | Zot:5    | Reached XP level 27. HP: 242/271 MP: 22/22
 67116 | Zot:5    | Noticed an orb of fire
 67130 | Zot:5    | Killed an orb of fire
 67294 | Zot:5    | Noticed an ancient lich
 67305 | Zot:5    | Killed an ancient lich
 67515 | Zot:5    | Noticed an ancient lich
 67538 | Zot:5    | Killed an ancient lich
 67697 | Zot:5    | Noticed an orb of fire
 67715 | Zot:5    | Killed an orb of fire
 68250 | Zot:5    | Noticed an orb of fire
 68263 | Zot:5    | Killed an orb of fire
 68909 | Zot:5    | Noticed an orb of fire
 68933 | Zot:5    | Gained mutation: Your magical capacity is low (-10% MP). [an orb of fire]
 68940 | Zot:5    | Gained mutation: You are clumsy. (Dex -2) [an orb of fire]
 68954 | Zot:5    | Killed an orb of fire
 69295 | Zot:5    | Noticed an orb of fire
 69354 | Zot:5    | Killed an orb of fire
 69517 | Zot:5    | Received a gift from Trog
 70909 | Zot:5    | Got the Orb of Zot
 71396 | D:14     | Gained mutation: You are very clumsy. (Dex -4) [a neqoxec]
 71594 | D:13     | Reached skill level 27 in Axes
 71688 | D:8      | Noticed Xiel the pandemonium lord
 71825 | D:2      | Noticed Sonujoso the pandemonium lord
 71892 | D:$      | Escaped with the Orb!

Skill      XL: |  1  2  3  4  5  6  7  8  9 10 11 12 13 14 15 16 17 18 19 20 21 22 23 24 25 26 27 |
---------------+----------------------------------------------------------------------------------+-----
Fighting       | 4 5 6 7 8 9 10 11 12 13 14 15 16 18 19 21 22 24 26 27 | 27.0
Axes           | 4 5 6 8 9 11 12 14 15 16 18 19 20 22 27 | 27.0
Armour         | 3 4 5 6 7 8 10 11 12 13 14 15 16 18 19 20 21 22 23 24 26 27 | 27.0
Dodging        | 3 4 5 6 7 8 9 10 11 12 13 14 15 17 18 19 20 21 23 24 25 27 | 27.0
Shields        | 2 4 6 7 9 10 11 12 14 15 | 15.4

Action                   |  1- 3 |  4- 6 |  7- 9 | 10-12 | 13-15 | 16-18 | 19-21 | 22-24 | 25-27 || total
-------------------------+-------+-------+-------+-------+-------+-------+-------+-------+-------++-------
Melee: Hand axe          |    76 |    80 |       |     7 |       |       |       |       |       ||   163
       Headbutt          |     9 |    16 |    45 |   157 |   241 |   327 |   351 |   334 |   487 ||  1967
       War axe           |       |    19 |   117 |       |    48 |       |       |       |       ||   184
       Broad axe         |       |       |   172 |   682 |   968 |  1282 |  1544 |  1343 |  1470 ||  7461
Invok: Berserk           |     1 |     2 |     2 |     2 |       |     2 |       |     3 |     7 ||    19
       Burn Spellbooks   |       |       |     2 |     4 |     1 |     1 |     8 |     7 |     3 ||    26
       Brothers in Arms  |       |       |     1 |     2 |     1 |     3 |     6 |     9 |     5 ||    27
       Trog's Hand       |       |       |       |       |     1 |     2 |    10 |     3 |     7 ||    23
Evoke: Wand              |       |       |       |     3 |     7 |       |       |     2 |     4 ||    16
  Use: Scroll            |       |       |    10 |    28 |    11 |     6 |    11 |     6 |    18 ||    90
       Potion            |       |       |       |       |     2 |       |     2 |     4 |    15 ||    23
 Stab: Distracted        |       |       |       |       |       |     1 |     2 |     3 |       ||     6
       Held in net/web   |       |       |       |       |       |     1 |       |       |       ||     1
       Invisible         |       |       |       |       |       |       |       |       |     2 ||     2
  Eat: Chunk             |     3 |     6 |    15 |    24 |    31 |    16 |    36 |    23 |    15 ||   169
       Royal jelly       |       |     1 |       |       |       |     8 |     3 |       |       ||    12
       Pizza             |       |       |     1 |     2 |     1 |     3 |     1 |       |     2 ||    10
       Fruit             |       |       |     2 |     9 |    12 |       |       |     3 |     5 ||    31
       Beef jerky        |       |       |       |       |       |       |       |    11 |     2 ||    13
       Bread ration      |       |       |       |       |       |       |       |       |     1 ||     1
       Meat ration       |       |       |       |       |       |       |       |       |     8 ||     8
Armor: Animal skin       |    14 |     3 |       |       |       |       |       |       |       ||    17
       Ring mail         |       |    15 |       |       |       |       |       |       |       ||    15
       Scale mail        |       |    10 |    50 |       |       |       |       |       |       ||    60
       Chain mail        |       |       |    40 |       |       |       |       |       |       ||    40
       Plate armour      |       |       |    14 |   251 |   277 |   382 |   468 |     8 |       ||  1400
       Gold dragon armou |       |       |       |       |       |       |       |   587 |   585 ||  1172
Dodge: Dodged            |    63 |    74 |   163 |   228 |   254 |   411 |   484 |   464 |   879 ||  3020
Block: Other             |       |     3 |    32 |       |       |       |       |       |       ||    35
       Reflection        |       |       |     8 |     8 |    70 |   190 |   165 |    86 |    48 ||   575
       Buckler           |       |       |    55 |   212 |       |       |       |       |       ||   267
       Shield            |       |       |       |   216 |   816 |  1321 |  1321 |  1037 |  1237 ||  5948
